 Dungeon Crawl Stone Soup version 0.14.0-15-g6b16f67 (webtiles) character file.

174 Kejsarherre the Grave Robber (level 3, -7/21 HPs)
             Began as an Octopode Necromancer on Apr 18, 2014.
             Killed themself with a badly aimed fireball (10 damage)
             ... on Level 2 of the Dungeon.
             The game lasted 00:04:06 (1233 turns).

Kejsarherre the Grave Robber (Octopode Necromancer) Turns: 1233, Time: 00:04:07

HP  -7/21        AC  1     Str 12      XL: 3   Next: 52%
MP   8/8         EV 12     Int 18      God:
Gold 133         SH  0     Dex 12      Spells:  2 memorised,  7 levels left

rFire  . . .     SeeInvis .     (no weapon)
rCold  . . .     Clarity  .     (no shield)
rNeg   . . .     Conserve .     (helmet restricted)
rPois  .         rCorr    .     (no amulet)
rElec  .         rRot     .     (no ring)
SustAb . .       Spirit   .     (no ring)
rMut   .         Warding  .     (no ring)
Saprov . . .     Stasis   .     (no ring)
MR     .....                    (no ring)
                                (no ring)
                                (no ring)
                                (no ring)

@: mighty, not resistant to hostile enchantments, quite stealthy
A: almost no armour, amphibious, 8 rings, constrict 8, camouflage 1, gelatinous
body 1
a: no special abilities


You were on level 2 of the Dungeon.
You were not hungry.

You visited 1 branch of the dungeon, and saw 2 of its levels.

You collected 133 gold pieces.

Inventory:

Magical devices
 o - a wand of random effects (7)
Comestibles
 c - 4 bread rations
 h - 2 chunks of goblin flesh
 n - a pear
 q - 2 rotting chunks of quokka flesh
Scrolls
 a - a scroll of enchant armour {unknown}
 g - a scroll of remove curse {unknown}
 i - a scroll of random uselessness {unknown}
 j - 2 scrolls of immolation {unknown}
Books
 b - a book of Necromancy

   Spells                             Type                      Level
   *Pain                              Necromancy                   1
   *Animate Skeleton                  Necromancy                   1
   Lethal Infusion                    Charms/Necromancy            2
   Vampiric Draining                  Necromancy                   3
   Regeneration                       Charms/Necromancy            3
   Animate Dead                       Necromancy                   4
   Control Undead                     Necromancy                   4


   Skills:
 - Level 2.0 Dodging
 - Level 2.6 Stealth
 + Level 3.5 Spellcasting
 - Level 4.0 Necromancy


You had 7 spell levels left.
You knew the following spells:

 Your Spells              Type           Power        Failure   Level  Hunger
a - Pain                  Necr           ###.         3%          1    None
b - Animate Skeleton      Necr           N/A          3%          1    None


Dungeon Overview and Level Annotations

Branches:
Dungeon (2/15)

Altars:
Fedhas
Xom


Innate Abilities, Weirdness & Mutations

You cannot wear most types of armour.
You are amphibious.
You can wear up to eight rings at the same time.
You can use your tentacles to constrict many enemies at once.
Your skin changes colour to match your surroundings (Stlth).
Your rubbery body absorbs attacks (AC +1).


Message History

You feel very mighty all of a sudden.
It was a potion of might.
The quokka barely misses you.
Drink which item? (? for menu, Esc to quit)
Magic courses through your body.
It was a potion of magic.
The quokka twitches its whiskers.
The quokka barely misses you.
A rat comes into view.
The quokka misses you. The quokka misses you.
You aren't carrying any potions.
Read which item? (? for menu, Esc to quit)
Okay, then.
Evoke which item? (* to show all) (? for menu, Esc to quit)
Zapping:
o - a wand of random effects {zapped: 1}
Press: ? - help, Shift-Dir - straight line, f - quokka
Aim: a quokka (lightly wounded)
The fireball explodes!
The fireball engulfs the quokka.
You kill the quokka!
The fireball engulfs you!
You die...

#####.#
############.....#
#.hh..@........>.#
#.#####...♣.♣....#
##.#####.♣.....♣..#
#...hh.h..........#
#..#####♣..♣.♣%.♣.##♣♣
#.... ##...........♣♣
#.### #♣..♣.♣..♣.#♣♣P
... ##..........♣♣P.
###. #♣.....♣.......


You could see 2 jackals.

Vanquished Creatures
  A worm (D:2)
  An ooze (D:2)
  6 bats (D:1)
  3 goblins
  2 hobgoblins (D:1)
  A kobold (D:1)
  A ball python (D:1)
  A giant cockroach (D:2)
  3 giant newts
  4 jackals (D:1)
  3 quokkas (D:2)
  5 rats
  2 fungi (D:2)
33 creatures vanquished.

Vanquished Creatures (collateral kills)
  A giant gecko (D:2)
  A bat (D:1)
  A jackal (D:2)
3 creatures vanquished.

Vanquished Creatures (others)
  2 goblin skeletons
  A hobgoblin skeleton (D:1)
  A jackal skeleton (D:1)
  A quokka skeleton (D:2)
  A rat skeleton (D:2)
6 creatures vanquished.

Grand Total: 42 creatures vanquished

Notes
Turn   | Place    | Note
--------------------------------------------------------------
     0 | D:1      | Kejsarherre, the Octopode Necromancer, began the quest for the Orb.
     0 | D:1      | Reached XP level 1. HP: 11/11 MP: 3/3
   135 | D:1      | Learned a level 1 spell: Animate Skeleton
   204 | D:1      | Reached XP level 2. HP: 9/17 MP: 3/5
   767 | D:2      | Found a blossoming altar of Fedhas.
   849 | D:2      | Reached XP level 3. HP: 9/21 MP: 8/8
  1070 | D:2      | Found a shimmering altar of Xom.
  1233 | D:2      | Killed themself with a badly aimed fireball

Action                   || total
-------------------------++-------
Melee: Unarmed           ||    95
 Cast: Pain              ||    14
       Animate Skeleton  ||     9
Evoke: Wand              ||     1
  Use: Potion            ||     2
 Stab: Sleeping          ||     5
